 Dungeon Crawl Stone Soup version 0.29.1-1-gd02db6906a (webtiles) character file.

Game seed: 18362046324595433691

208098 Zeld the Executioner (level 18, -3/250 (258) HPs)
             Began as a Minotaur Berserker on Oct 18, 2022.
             Was a High Priest of Trog.
             Engulfed by a ghost crab's spectral mist (4 damage)
             ... on level 4 of the Swamp.
             The game lasted 00:47:32 (53780 turns).

Zeld the Executioner (Minotaur Berserker)          Turns: 53780, Time: 00:47:33

HP:   -3/250 (258)  AC: 27    Str: 32    XL:     18   Next: 11%
MP:   17/17         EV: 14    Int:  4    God:    Trog [*****.]
Gold: 492           SH:  0    Dex: 15    Spells: 17/17 levels left

rFire   . . .      SeeInvis +   a - +11 executioner's axe of Orb Guardian's Peril {vorpal, Dex+3}
rCold   + + +      Faith    .   (shield currently unavailable)
rNeg    . . .      Spirit   .   J - +1 chain mail of Doho {+Inv rC+++ SInv Stlth-}
rPois   .          Reflect  .   M - +0 hat "Kuomohos" {Str+4 Slay+3}
rElec   .          Harm     .   G - +2 cloak {Will+}
rCorr   .          Rampage  .   m - +2 pair of gloves
Will    ++...                   g - +2 pair of boots
Stlth   ..........              Q - amulet of regeneration
HPRegen 1.31/turn               k - ring of protection from cold
MPRegen 0.15/turn               (no ring)

@: berserking, grasped by roots, constricted, lightly drained, slow
A: horns 2, retaliatory headbutt
}: 1/15 runes: serpentine
a: Renounce Religion, Evoke Invisibility, Berserk, Trog's Hand, Brothers in Arms


You were on level 4 of the Swamp.
You worshipped Trog.
Trog was extremely pleased with you.
You visited 7 branches of the dungeon, and saw 32 of its levels.
You visited the Abyss 1 time.
You also visited: Sewer, Gauntlet and Ice Cave.

You collected 4136 gold pieces.
You spent 3644 gold pieces at shops.

Inventory:

Hand Weapons
 a - the +11 executioner's axe of Orb Guardian's Peril (weapon) {vorpal, Dex+3}
   (Trog gifted it to you on level 1 of the Orcish Mines)

   It inflicts extra damage upon your enemies.
   Dex:       It affects your dexterity (+3).
 b - a +3 arbalest of freezing
 c - a +3 broad axe of flaming
Armour
 g - a +2 pair of boots (worn)
 m - a +2 pair of gloves (worn)
 G - a +2 cloak of willpower (worn)
 J - the +1 chain mail of Doho (worn) {+Inv rC+++ SInv Stlth-}
   (You took it off a minotaur in a Gauntlet)

   rC:        It renders you almost immune to cold.
   SInv:      It lets you see invisible.
   +Inv:      It lets you turn invisible.
   Stlth:     It makes you less stealthy.
 M - the +0 hat "Kuomohos" (worn) {Str+4 Slay+3}
   (You acquired it on level 8 of the Dungeon)

   Str:       It affects your strength (+4).
   Slay:      It affects your accuracy & damage with ranged weapons and melee
   (+3).
Jewellery
 k - a ring of protection from cold (left hand)
 Q - an amulet of regeneration (around neck)
Wands
 q - a wand of roots (36)
 r - a wand of charming (40)
 w - a wand of mindburst (18)
 C - a wand of flame (97)
 F - a wand of polymorph (12)
 I - a wand of acid (11)
Scrolls
 h - 4 scrolls of enchant armour
 i - 6 scrolls of fear
 j - 14 scrolls of identify
 u - 4 scrolls of silence
 y - 4 scrolls of summoning
 B - 10 scrolls of teleportation
 L - a scroll of enchant weapon
 N - a scroll of magic mapping
Potions
 d - 3 potions of resistance
 e - 12 potions of curing
 f - 7 potions of heal wounds
 l - 8 potions of might
 n - 6 potions of haste
 o - 4 potions of berserk rage
 v - 10 potions of ambrosia
 z - 4 potions of invisibility
 A - 5 potions of magic
 D - 9 potions of flight
 E - 4 potions of mutation
Miscellaneous
 p - a phial of floods
 s - a piece from Xom's chessboard (15/15)
 x - a phantom mirror
 H - a condenser vane
 K - a lightning rod (4/4)
 O - a box of beasts
 P - a phial of floods


   Skills:
 + Level 18.3 Fighting
 - Level 24.0 Axes
 + Level 5.4 Ranged Weapons
 + Level 18.1 Armour
 + Level 16.7 Dodging


You had 17 spell levels left.
You didn't know any spells.
Your spell library was empty.

Dungeon Overview and Level Annotations

Branches:
Dungeon (15/15)            Temple (1/1) D:7            Lair (5/5) D:11
  Swamp (4/4) Lair:2        Snake (4/4) Lair:2        Slime (0/5) Lair:4
    Orc (2/2) D:11            Elf (1/3) Orc:2        Vaults (0/5) D:13
 Depths (0/4) D:15          Sewer (visited)           IceCv (visited)
Gauntlet (visited)

Altars:
Ashenzari
Cheibriados
Dithmenos
Elyvilon
Fedhas
Gozag
Hepliaklqana
Kikubaaqudgha
Makhleb
Nemelex Xobeh
Okawaru
Qazlal
Ru
Sif Muna
Trog
Uskayaw
Vehumet
Wu Jian
Xom
Yredelemnul
Zin
The Shining One

Shops:
D:5 :(*:[   Orc:2 (*(!   Snake:1 !=(?   Snake:4 (*

Portals:
Abyss: D:6

Annotations:
Elf:1 Zenata


Innate Abilities, Weirdness & Mutations

You have a pair of horns on your head.
You reflexively headbutt those who attack you in melee.


Message History

You headbutt the spectral spriggan air mage.
The spriggan rider is engulfed in spectral mist.
The spriggan rider closely misses you.
The spriggan rider hits you from afar with a +0 spear!
* * * LOW HITPOINT WARNING * * *
The grasping roots constrict you.
The spectral alligator snapping turtle bites you from afar!
* * * LOW HITPOINT WARNING * * *
Unknown command.
You barely miss the bunyip. You headbutt the bunyip.
The bunyip is heavily wounded.
You slice the spectral spriggan air mage!!
You slice the ghost crab!! You slash the shambling mangrove!
You are engulfed in spectral mist.
* * * LOW HITPOINT WARNING * * *
The spriggan rider hits you but does no damage.
The ghost crab breathes spectral mist at you.
The spectral mist engulfs you but does no damage.
Unknown command.
Unknown command.
Your unstable footing causes you to fumble your attack.
You are engulfed in spectral mist.
The bunyip is engulfed in spectral mist.
The bunyip completely misses you. You furiously retaliate!
You headbutt the bunyip. The bunyip claws you!
* * * LOW HITPOINT WARNING * * *
The bunyip closely misses you.
The spectral spriggan air mage misses you.
You furiously retaliate!
You headbutt the spectral spriggan air mage!!
The spriggan rider is engulfed in spectral mist.
The spriggan rider hits you from afar with a +0 spear!
* * * LOW HITPOINT WARNING * * *
The spriggan rider is engulfed in spectral mist.
The spriggan rider hits you but does no damage.
Unknown command.
Unknown command.
Your unstable footing causes you to fumble your attack.
You are engulfed in spectral mist.
You die...

~~~~~,~**~,,** ♣♣.♣~♣.#.#.#...[
,~~~~<~~*~~~,* ♣..~~.#.#.#.#.~~
~~~,*~,,,,~~~* *♣~~...#...#.$~.
~~~~~~,,~~~,~* ♣♣~..#.#.#.#,,~
~~~~.,*,~~,~** ♣♣...♣.#.#.#..~.
~~~~~.******* ♣.~~..~.#.#...~.
*,~~~~.*** ♣..~.~~~...♣f..~
*~~~~.$.~* ♣♣♣♣♣♣☼~.~~.♣♣♣♣..~.
**,~~♣...♣♣♣♣♣☼○@xZ☼....♣♣ *,.~..
<,*~~.~~...[<÷ZZtfZ☼~~~♣♣ **,....
~,~♣♣♣~~~~~[[~°iii☼§♣♣♣♣***,~..♣.
~~,**♣♣♣.~~~~~☼☼☼§Z♣♣ ***,*,,,,~,
~~~~* ♣~.~~~~°Z§♣♣♣ **,,~,,~,,~,
~~~~* ♣♣~~~~~~Z.♣ **~,,,*,**~**
~,*** ♣~~§~~§.~♣ *,~,*********
,,,~** ♣.~~~~~~.♣ **~~~~* ,,~,,*
♣♣~~~~~~§♣**,~~,,*


You could see a shambling mangrove, a bunyip, 3 spriggan riders, a ghost crab, a
spectral alligator snapping turtle (summoned), 3 spectral spriggan berserkers, 2
spectral spriggan air magi and a spectral fenstrider witch (summoned).

Vanquished Creatures
  A tentacled monstrosity (Swamp:4)
  Jorgrun (Swamp:1)
  Rupert (D:13)
  Frances (Snake:1)
  Gastronok (Lair:2)
  Donald (Swamp:1)
  2 nagarajas (Snake:4)
  The ghost of LustLizard the Thaumaturge, an adept DjFE of Ashenzari (Swamp:3)
  Roxanne (Swamp:2)
  Aizul (Lair:2)
  A frost giant (D:15)
  Azrael (D:15)
  5 bunyips
  3 eleionomae (Swamp:3)
  A minotaur (Gauntlet)
  Josephine (D:13)
  Fannar (Lair:1)
  4 boulder beetles
  16 hydras
  A catoblepas (Lair:5)
  10 naga warriors
  A spriggan air mage (Swamp:3)
  4 salamander tyrants (Snake:4)
  The ghost of Kazon the Slicer, a journeyman VSFi of Makhleb (D:14)
  4 centaur warriors
  4 anacondas (Snake:4)
  4 caustic shrike simulacra (IceCv)
  4 two-headed ogres
  9 alligators
  A dancing weapon (Swamp:3)
  12 death yaks (Lair:5)
  2 tengu warriors (D:15)
  17 naga sharpshooters
  6 shock serpents
  3 orc high priests (Orc:2)
  Nergalle (D:11)
  Urug (D:10)
  Amaemon (Lair:1)
  Sonja (D:13)
  5 goliath frogs
  3 salamander mystics (Snake:4)
  2 naga ritualists
  6 spriggan druids
  5 swamp dragons
  A wizard (D:15)
  6 bog bodies
  3 spriggan simulacra (IceCv)
  9 orc knights
  2 obsidian statues
  4 lindwurms (Snake:4)
  A deep elf archer (Elf:1)
  A necromancer (IceCv)
  5 orc sorcerers
  A wolf spider (D:15)
  A deep elf pyromancer (Elf:1)
  A harpy (shapeshifter) (D:13)
  A deep elf zephyrmancer (Elf:1)
  6 cyclopes
  8 mana vipers
  18 ugly things
  2 manticores
  13 salamanders
  2 will-o-the-wisps (Swamp:3)
  3 elephants (Lair:5)
  The ghost of lonewolfV2 the Trooper, a novice GrBe of Trog (D:6)
  An oklob plant (D:10)
  A toenail golem (D:6)
  37 black mambas
  6 guardian serpents
  8 naga magi
  An ice statue (D:15)
  The ghost of miserystealer the Shooter, a novice FoHu (D:4)
  7 cane toads
  2 torpor snails
  2 gargoyles (D:12)
  An orange demon (Lair:1)
  3 rime drakes
  13 komodo dragons
  5 anaconda simulacra (IceCv)
  An efreet (D:14)
  12 freezing wraiths
  6 kobold demonologists
  7 trolls
  3 ice devils (IceCv)
  2 polar bears
  2 golden dragon simulacra (IceCv)
  5 hornets
  8 slime creatures
  16 blink frogs
  6 tyrant leeches
  2 dream sheep (Lair:5)
  A vampire (D:12)
  6 shadows
  6 wyverns
  2 dire elephant simulacra (IceCv)
  5 spriggans
  10 wraiths
  4 fire elementals (D:15)
  42 yaks
  16 humans
  5 golden eyes (Abyss:2)
  4 basilisks
  2 steam dragons
  10 vampire mosquitoes
  Edmund (D:5)
  28 nagas
  17 swamp worms
  4 harpy simulacra (IceCv)
  A warg (D:15)
  An acid dragon (D:6)
  3 hell hounds (D:15)
  20 water moccasins
  Duvessa (D:7)
  32 orc warriors
  A swamp drake (Swamp:1)
  2 ice beasts (D:5)
  6 black bears
  A sky beast (D:8)
  An ettin simulacrum (IceCv)
  4 alligator simulacra (IceCv)
  23 wolves
  7 ogres
  5 centaurs
  7 kobold brigands
  14 bullfrogs
  A scorpion (Lair:1)
  A gnoll sergeant (D:12)
  6 wights
  Dowan (D:7)
  10 killer bees
  An oklob sapling (D:10)
  2 lindwurm simulacra (IceCv)
  An electric eel (D:7)
  6 howler monkeys
  A lava snake (D:10)
  An iron imp (D:6)
  3 hounds
  35 orc priests
  4 jellies
  8 iguanas
  Terence (D:2)
  16 orc wizards
  15 hell rats
  11 adders
  13 gnolls
  2 river rats (Sewer)
  3 shadow imps
  A white imp (D:8)
  An ufetubus (D:5)
  A worm (D:2)
  3 dart slugs
  91 orcs
  10 endoplasms
  6 giant cockroaches
  8 goblins
  9 hobgoblins
  2 quokkas
  22 ball pythons
  5 bats
  5 frilled lizards
  18 kobolds
  30 rats
  A bush (Lair:1)
1046 creatures vanquished.

Vanquished Creatures (collateral kills)
  A lich (IceCv)
  A deep troll shaman (Lair:5)
  A toenail golem (D:6)
  3 freezing wraiths (IceCv)
  A kobold demonologist (D:12)
  A hydra simulacrum (IceCv)
  A kobold (D:12)
9 creatures vanquished.

Vanquished Creatures (others)
  5 bushes
  4 foxfires (Swamp:3)
  14 fungi
  47 plants
70 creatures vanquished.

Grand Total: 1125 creatures vanquished

Notes
Turn   | Place    | Note
-------+----------+-------------------------------------------
     0 | D:1      | Zeld the Minotaur Berserker began the quest for the Orb.
     0 | D:1      | Reached XP level 1. HP: 19/19 MP: 0/0
   145 | D:1      | Reached XP level 2. HP: 27/27 MP: 1/1
   167 | D:1      | Reached skill level 4 in Axes
   830 | D:2      | Reached XP level 3. HP: 33/33 MP: 2/2
   843 | D:2      | Found a faded altar of an unknown god.
   847 | D:2      | Reached ** piety under Trog
   976 | D:2      | Noticed Terence
   984 | D:2      | Killed Terence
  1256 | D:2      | Reached XP level 4. HP: 33/40 MP: 3/3
  1605 | D:3      | Found a shimmering altar of Xom.
  1712 | D:3      | Reached skill level 5 in Axes
  2360 | D:3      | Found an opulent altar of Gozag.
  2543 | D:4      | Reached XP level 5. HP: 47/47 MP: 4/4
  2688 | D:4      | Reached XP level 6. HP: 48/55 MP: 3/5
  2775 | D:4      | Found a runed translucent door.
  2881 | D:4      | Reached *** piety under Trog
  2884 | D:4      | Reached skill level 6 in Axes
  2984 | D:4      | Reached skill level 5 in Fighting
  3150 | D:4      | Noticed miserystealer's ghost (novice FoHu)
  3452 | D:4      | Killed miserystealer's ghost
  3453 | D:4      | Reached skill level 7 in Axes
  3453 | D:4      | Reached skill level 5 in Armour
  3453 | D:4      | Reached XP level 7. HP: 30/62 MP: 1/6
  3640 | D:5      | Entered Level 5 of the Dungeon
  3640 | D:5      | Found Edesmiy's Weapon Emporium.
  3746 | D:5      | Found Kumuh's Book Boutique.
  3851 | D:5      | Found a glowing drain.
  3873 | Sewer    | Entered a sewer
  4166 | Sewer    | Reached **** piety under Trog
  4266 | Sewer    | Reached skill level 8 in Axes
  4266 | Sewer    | Reached skill level 5 in Dodging
  4266 | Sewer    | Reached XP level 8. HP: 30/70 MP: 2/7
  4891 | D:5      | Found Bithin's General Store.
  4898 | D:5      | Found Tint's Book Emporium.
  4902 | D:5      | Bought a potion of ambrosia for 104 gold pieces
  4902 | D:5      | Bought 2 scrolls of identify for 52 gold pieces
  4902 | D:5      | Bought a wand of flame (6) for 54 gold pieces
  5051 | D:5      | Noticed Edmund
  5064 | D:5      | Killed Edmund
  5183 | D:5      | Found Xyicw's Antique Armour Shop.
  5370 | D:6      | Reached skill level 9 in Axes
  5649 | D:6      | Found a transporter.
  5649 | D:6      | Found the +8 demon trident "Rift" {distort, reach+}
  5650 | D:6      | Found a transporter.
  5653 | D:6      | Noticed lonewolfV2's ghost (novice GrBe)
  5657 | D:6      | Noticed a toenail golem
  6108 | D:6      | Found a shimmering blue altar of Sif Muna.
  6133 | D:6      | Reached XP level 9. HP: 64/79 MP: 5/8
  6324 | D:6      | Noticed a toenail golem
  6845 | D:6      | Found a one-way gate to the infinite horrors of the Abyss.
  6870 | D:6      | Killed a toenail golem
  6871 | D:6      | Reached skill level 10 in Axes
  6880 | D:6      | Killed lonewolfV2's ghost
  6890 | D:6      | Killed a toenail golem
  7147 | D:7      | Reached skill level 11 in Axes
  7774 | D:7      | Noticed Dowan
  7800 | D:7      | Killed Dowan
  8067 | D:7      | Noticed Duvessa
  8084 | D:7      | Killed Duvessa
  8314 | D:7      | Found a staircase to the Ecumenical Temple.
  8322 | Temple   | Entered the Ecumenical Temple
  8627 | D:7      | Found a sparkling altar of Nemelex Xobeh.
  8742 | D:7      | Identified the ring of the Greedy {*Slow rElec rC+ Str+2
                  | Dex+6}
  8873 | D:7      | Found a radiant altar of Vehumet.
  8873 | D:7      | Found a glowing silver altar of Zin.
  9106 | D:7      | Identified the +6 great mace of True Grit {vamp, Drain rF++
                  | rN+}
  9123 | D:7      | Reached XP level 10. HP: 90/90 MP: 9/9
  9719 | D:5      | Bought a glowing cloak for 202 gold pieces
  9828 | D:8      | Identified a scroll of acquirement
  9835 | D:8      | Acquired the +0 hat "Kuomohos" {Str+4 Slay+3}
  9898 | D:8      | HP: 3/90 [orc priest/divine providence (8)]
 10824 | D:8      | Found a broken altar of Ashenzari.
 10979 | D:8      | Reached skill level 12 in Axes
 11322 | D:9      | Reached ***** piety under Trog
 11886 | D:9      | Noticed a two-headed ogre
 11896 | D:9      | Killed a two-headed ogre
 11897 | D:9      | Reached skill level 13 in Axes
 12156 | D:10     | Entered Level 10 of the Dungeon
 12182 | D:10     | Noticed a two-headed ogre
 12188 | D:10     | Killed a two-headed ogre
 12189 | D:10     | Reached XP level 11. HP: 77/99 MP: 7/10
 12303 | D:10     | Reached skill level 10 in Fighting
 12383 | D:10     | Found an ancient bone altar of Kikubaaqudgha.
 12389 | D:10     | Noticed Urug
 12406 | D:10     | Killed Urug
 12640 | D:10     | Acquired 412 gold pieces
 12815 | D:10     | Noticed an oklob plant
 13008 | D:11     | Reached skill level 10 in Armour
 13009 | D:11     | Noticed a seven-headed hydra
 13029 | D:11     | HP: 5/100 [seven-headed hydra (2)]
 13530 | D:11     | Found a staircase to the Orcish Mines.
 13533 | D:11     | Received a gift from Trog
 13534 | D:11     | Reached skill level 14 in Axes
 14362 | D:11     | Killed a four-headed hydra
 14458 | D:11     | Found a staircase to the Lair.
 14721 | D:11     | Noticed Nergalle
 14733 | D:11     | Killed Nergalle
 14736 | D:11     | Reached skill level 15 in Axes
 15046 | D:12     | Reached XP level 12. HP: 105/110 MP: 11/11
 15050 | D:12     | Reached skill level 10 in Dodging
 15130 | D:13     | Noticed a boulder beetle
 15137 | D:13     | Killed a boulder beetle
 15605 | D:13     | Noticed Sonja
 15623 | D:13     | Noticed a centaur warrior
 15633 | D:13     | Killed a centaur warrior
 15797 | D:14     | Found a gate leading to a gauntlet.
 15803 | Gauntlet | Entered a Gauntlet
 15803 | Gauntlet | Found a transporter.
 16043 | Gauntlet | Found a transporter.
 16059 | Gauntlet | Found a transporter.
 16063 | Gauntlet | Found a transporter.
 16081 | Gauntlet | Found a transporter.
 16092 | Gauntlet | Found the +8 arc blade {discharge, rElec}
 16094 | Gauntlet | Found a transporter.
 16099 | Gauntlet | Found a transporter.
 16105 | Gauntlet | Found a transporter.
 16133 | Gauntlet | Found a transporter.
 16134 | Gauntlet | Found a transporter.
 16138 | Gauntlet | Found a transporter.
 16154 | Gauntlet | Found a transporter.
 16355 | Gauntlet | Identified the +2 cloak "Zumpirr" {rCorr Str-5 Stlth+}
 17135 | Gauntlet | Identified the +1 chain mail of Doho {+Inv rC+++ SInv
                  | Stlth-}
 17135 | Gauntlet | Noticed a minotaur
 17142 | Gauntlet | Killed a minotaur
 17143 | Gauntlet | Reached skill level 16 in Axes
 17429 | D:14     | Identified the +10 long sword of Premature Burial {vorpal,
                  | +Blink rElec rPois Dex-5}
 17437 | D:13     | Noticed a centaur warrior
 17437 | D:13     | Found a gate to the Vaults.
 17801 | D:14     | Noticed a centaur warrior
 17813 | D:14     | Killed a centaur warrior
 18105 | D:14     | Reached XP level 13. HP: 109/119 MP: 10/12
 18297 | D:14     | Noticed Kazon's ghost (journeyman VSFi)
 18304 | D:14     | Found a runed translucent door.
 18323 | D:14     | Killed Kazon's ghost
 18759 | D:13     | Reached skill level 17 in Axes
 19806 | D:13     | Received a gift from Trog
 19809 | D:13     | Noticed Josephine
 19818 | D:13     | Killed Josephine
 20243 | D:13     | Reached skill level 18 in Axes
 20251 | D:13     | Killed Sonja
 20382 | D:13     | Noticed Rupert
 20394 | D:13     | Killed Rupert
 20869 | D:15     | Entered Level 15 of the Dungeon
 21657 | D:15     | Reached XP level 14. HP: 82/130 MP: 8/13
 22456 | D:15     | Found a staircase to the Depths.
 22456 | D:15     | Noticed a frost giant
 22463 | D:15     | Killed a frost giant
 22877 | D:15     | Noticed Azrael
 22898 | D:15     | Killed Azrael
 24264 | D:10     | Reached skill level 19 in Axes
 24438 | Orc:1    | Entered Level 1 of the Orcish Mines
 24681 | Orc:2    | Entered Level 2 of the Orcish Mines
 25024 | Orc:2    | Found a staircase to the Elven Halls.
 25840 | Orc:1    | Identified the +11 executioner's axe of Orb Guardian's
                  | Peril {vorpal, Dex+3} (Trog gifted it to you on level 1 of
                  | the Orcish Mines)
 25840 | Orc:1    | Received a gift from Trog
 26204 | Orc:2    | Found Qiq Hemm's Distillery.
 26223 | Orc:2    | Paralysed by an orc sorcerer for 2 turns
 26597 | Orc:2    | Found Naxuahun's Antique Weapon Boutique.
 26597 | Orc:2    | Found Pet Osupn's Antique Weapon Shoppe.
 26597 | Orc:2    | Found Vuniqum's Assorted Antiques.
 26623 | Orc:2    | Bought a scroll of fear for 96 gold pieces
 26623 | Orc:2    | Bought a scroll of teleportation for 72 gold pieces
 26623 | Orc:2    | Bought a scroll of fear for 96 gold pieces
 26623 | Orc:2    | Bought a scroll of enchant weapon for 180 gold pieces
 26623 | Orc:2    | Bought a dark potion for 21 gold pieces
 27273 | Orc:2    | Bought a potion of curing for 36 gold pieces
 27273 | Orc:2    | Bought a potion of ambrosia for 96 gold pieces
 27273 | Orc:2    | Bought a potion of curing for 36 gold pieces
 27273 | Orc:2    | Bought a potion of heal wounds for 60 gold pieces
 27273 | Orc:2    | Bought a potion of magic for 96 gold pieces
 27273 | Orc:2    | Bought a potion of ambrosia for 96 gold pieces
 27273 | Orc:2    | Bought 2 potions of might for 96 gold pieces
 27273 | Orc:2    | Bought a potion of curing for 36 gold pieces
 27273 | Orc:2    | Bought 2 potions of mutation for 192 gold pieces
 27511 | Lair:1   | Entered Level 1 of the Lair of Beasts
 27790 | Lair:1   | Noticed Fannar
 27799 | Lair:1   | Killed Fannar
 27881 | Lair:1   | Noticed Amaemon
 27890 | Lair:1   | Killed Amaemon
 28780 | Lair:2   | Reached skill level 20 in Axes
 29626 | Lair:2   | Received a gift from Trog
 29690 | Lair:2   | Noticed Gastronok
 29701 | Lair:2   | Killed Gastronok
 29702 | Lair:2   | Reached XP level 15. HP: 124/139 MP: 12/14
 29776 | Lair:2   | Found a staircase to the Snake Pit.
 29995 | Lair:2   | Found a staircase to the Swamp.
 31103 | Lair:4   | Reached skill level 15 in Fighting
 31138 | Lair:4   | Found a runed translucent door.
 31542 | Lair:4   | Found a staircase to the Slime Pits.
 32318 | Lair:4   | Reached skill level 15 in Armour
 32534 | Lair:5   | Entered Level 5 of the Lair of Beasts
 32560 | Lair:5   | Reached ****** piety under Trog
 33278 | Lair:5   | Reached skill level 21 in Axes
 33521 | Lair:5   | Received a gift from Trog
 34723 | Snake:1  | Entered Level 1 of the Snake Pit
 34725 | Snake:1  | Noticed Aizul
 34737 | Lair:2   | Killed Aizul
 36081 | Swamp:1  | Entered Level 1 of the Swamp
 36082 | Swamp:1  | Noticed Jorgrun
 36304 | Swamp:1  | Reached XP level 16. HP: 97/151 MP: 9/15
 36310 | Swamp:1  | HP: 11/226 [Jorgrun/staff of earth (13)]
 36310 | Swamp:1  | HP: 1/226 [constriction (10)]
 36316 | Swamp:1  | Killed Jorgrun
 37177 | Elf:1    | Entered Level 1 of the Elven Halls
 37184 | Elf:1    | Received a gift from Trog
 37281 | Elf:1    | Noticed Zenata
 38059 | Snake:1  | Reached skill level 22 in Axes
 38398 | Snake:1  | Noticed Frances
 38408 | Snake:1  | Killed Frances
 38599 | Snake:1  | Found Gecroaf's Distillery.
 38602 | Snake:1  | Found Xajavuos's Jewellery Shoppe.
 38603 | Snake:1  | Found Epovuofo's Magic Scroll Shoppe.
 38604 | Snake:1  | Found Efauzxekyck's Antique Weapon Shoppe.
 38980 | Snake:1  | Bought a potion of ambrosia for 120 gold pieces
 38980 | Snake:1  | Bought a potion of resistance for 150 gold pieces
 38980 | Snake:1  | Bought a potion of berserk rage for 75 gold pieces
 38980 | Snake:1  | Bought a potion of curing for 45 gold pieces
 38980 | Snake:1  | Bought a potion of ambrosia for 120 gold pieces
 38980 | Snake:1  | Bought 2 potions of heal wounds for 150 gold pieces
 38988 | Snake:1  | Bought a scroll of enchant weapon for 97 gold pieces
 38988 | Snake:1  | Bought a scroll of fear for 52 gold pieces
 38988 | Snake:1  | Bought a scroll of fear for 52 gold pieces
 38988 | Snake:1  | Bought a scroll of summoning for 123 gold pieces
 40728 | Snake:3  | Reached skill level 15 in Dodging
 41646 | Snake:3  | Received a gift from Trog
 42207 | Snake:4  | Entered Level 4 of the Snake Pit
 42377 | Snake:4  | Found Naukk's Antique Weapon Emporium.
 44940 | Snake:4  | Reached skill level 23 in Axes
 45175 | Snake:4  | Found Heydduim's Gadget Gallery.
 45181 | Snake:4  | Bought a wand of flame (11) for 138 gold pieces
 45181 | Snake:4  | Bought a wand of polymorph (3) for 75 gold pieces
 45181 | Snake:4  | Bought a wand of mindburst (10) for 252 gold pieces
 45181 | Snake:4  | Bought a wand of mindburst (5) for 126 gold pieces
 45181 | Snake:4  | Bought a wand of charming (6) for 259 gold pieces
 45181 | Snake:4  | Bought a wand of flame (15) for 189 gold pieces
 46321 | Snake:4  | Reached XP level 17. HP: 118/161 MP: 13/16
 47340 | Snake:4  | Got a serpentine rune of Zot
 47677 | Swamp:1  | Received a gift from Trog
 47700 | Swamp:1  | Noticed Donald
 47711 | Abyss:2  | Cast into level 2 of the Abyss (Donald)
 47759 | Swamp:1  | Escaped the Abyss
 47761 | Swamp:1  | Killed Donald
 47770 | Swamp:1  | Reached skill level 1 in Ranged Weapons
 49410 | Swamp:2  | You fall into a shaft and drop 1 floor!
 49468 | Swamp:3  | HP: 8/163 [acid (7)]
 49878 | Swamp:2  | Noticed Roxanne
 49891 | Swamp:2  | Killed Roxanne
 50337 | Swamp:3  | Reached skill level 24 in Axes
 50391 | Swamp:3  | Found a runed translucent door.
 50393 | Swamp:3  | Found a shimmering altar of Xom.
 50393 | Swamp:3  | Noticed LustLizard's ghost (adept DjFE)
 50555 | Swamp:3  | Identified the +1 pair of gloves of Fugiaf {Drain rF- rN+++
                  | SInv}
 50752 | Swamp:3  | Killed LustLizard's ghost
 50787 | Swamp:4  | Entered Level 4 of the Swamp
 50787 | Swamp:4  | Noticed a tentacled monstrosity
 50799 | Swamp:4  | Killed a tentacled monstrosity
 51267 | Swamp:4  | Identified the +5 hand axe of Balance {vorpal, rElec rC-
                  | rCorr Str+8 Int-4} (Trog gifted it to you on level 4 of the
                  | Swamp)
 51267 | Swamp:4  | Received a gift from Trog
 51284 | Swamp:4  | Found a frozen archway.
 51294 | IceCv    | Entered an ice cave
 52404 | IceCv    | Found the +4 skin of Zhor {*Englaciate rC+++ SInv}
 52432 | IceCv    | Found an ancient bone altar of Kikubaaqudgha.
 52443 | IceCv    | Reached skill level 5 in Ranged Weapons
 52443 | IceCv    | Reached XP level 18. HP: 87/167 MP: 17/17
 53206 | IceCv    | Noticed a lich
 53220 | IceCv    | Killed a lich
 53779 | Swamp:4  | HP: 1/250 [spriggan rider/+0 spear (15)]
 53780 | Swamp:4  | Engulfed by a ghost crab's spectral mist

Illustrated notes

Levels and vault maps discovered:
D:1:      ncdulo_halloftheorcs, layout_basic
D:2:      layout_rooms, hellmonk_ecumenical_altar_crossroads, uniq_terence
D:3:      layout_rooms, nicolae_gozag_seed_capital, amcnicky_altar_gilded
D:4:      layout_loops_cross, ebering_ghost_sewer_d
D:5:      layout_loops_ring, cheibrodos_sewer_entry_drain, serial_shops, shop,
          shop, shop, nicolae_shop_statue_plus, nicolae_shop_window_shopping,
          uniq_edmund
D:6:      layout_cave_pools, kennysheep_orc_sif_temple,
          gammafunk_ghost_abyssal_escape, lightli_corner_chamber
D:7:      layout_basic, overflow_temple_1_default,
          nicolae_overflow_two_pavilions, minmay_temple_entry_ruins,
          columned_hall_lemuel, minivault_25, uniq_duvessa
D:8:      layout_cave_pods, nicolae_ashenzari_skybound
D:9:      layout_roguey, minivault_25_ag
D:10:     layout_big_octagon, nicolae_overflow_crystal_walls,
          introduction_to_nature_2, uniq_urug
D:11:     layout_roguey, minmay_lair_entry_grove, david_orc_5,
          minmay_misc_feat_square, uniq_nergalle
D:12:     layout_roguey, minmay_misc_feat_roman, minmay_between
D:13:     layout_basic, david_vaults_3, uniq_josephine, uniq_rupert, uniq_sonja
D:14:     layout_stronghold, hellmonk_ghost_happy_afterlife,
          gauntlet_entry_generic
D:15:     grunt_enter_depths_snipers, layout_cave_pods, hangedman_decor_lopped,
          minmay_statue_bubble, uniq_azrael
Temple:   minmay_temple_curvy_branch
Lair:1:   layout_chaotic_city, lemuel_fruit_tree, uniq_amaemon, uniq_fannar
Lair:2:   layout_small_grid, palyth_hydra_swamp_entry,
          guppyfry_snake_entry_garden, uniq_gastronok
Lair:3:   layout_regular_city, serial_bayou_shore_b
Lair:4:   hellmonk_destroyed_diamonds, layout_long_grid, slime_entry_1,
          pf_torpor_hydra
Lair:5:   grunt_lair_end_beastmaster, layout_gridlike,
          grunt_forest_stairs_basic, chequers_serial_rivers_large_b
Swamp:1:  layout_basic_swamp, hangedman_swamp_ruin_wall, swamp_pool1,
          uniq_donald, uniq_jorgrun
Swamp:2:  layout_falls_marsh, evilmike_swamp_ruin_house_4, uniq_roxanne
Swamp:3:  layout_falls_marsh, ebering_ghost_xom, evilmike_swamp_ruin_rubble_1
Swamp:4:  grunt_swamp_rune_castle, layout_basic_swamp,
          portal_ice_cave_entry_pillars_four, swamp_pool1
Snake:1:  layout_misc_corridors, minmay_shop_grid_forest, serial_bayou_shore_b,
          uniq_aizul, uniq_frances
Snake:2:  layout_grid_shapes, nicolae_snake_double_loop,
          nicolae_snake_gridmaze_tees
Snake:3:  layout_chambers, nicolae_triple_integral
Snake:4:  snake_pit_salamanders_mu, layout_onion, serial_shops,
          nicolae_shop_statue_plus, nicolae_shop_gadgets
Orc:1:    layout_caves, basic_altar
Orc:2:    st_orc_elflike, layout_diamond_mine
Elf:1:    layout_geoelf_octagon, hangedman_elf_represent, lemuel_statue_altar,
          uniq_zenata

Skill      XL: |  1  2  3  4  5  6  7  8  9 10 11 12 13 14 15 16 17 |
---------------+----------------------------------------------------+-----
Axes           | 4 5 7 8 9 11 13 15 16 18 20 21 23 24 | 24.0
Fighting       | 4 5 6 7 8 9 11 12 13 14 16 17 18 | 18.3
Armour         | 3 4 5 6 8 9 10 12 13 14 15 16 18 | 18.1
Dodging        | 3 4 5 6 7 8 9 11 12 13 14 15 16 | 16.7
Ranged Weapons | 5 |  5.4

Action                   |  1- 3 |  4- 6 |  7- 9 | 10-12 | 13-15 | 16-18 || total
-------------------------+-------+-------+-------+-------+-------+-------++-------
Melee: Hand axe          |    62 |   106 |   304 |    70 |       |       ||   542
       Headbutt          |    11 |    14 |    49 |   105 |   198 |   113 ||   490
       Punch             |       |     2 |     3 |     4 |     9 |       ||    18
       Battleaxe         |       |       |       |   192 |       |       ||   192
       Broad axe         |       |       |       |   202 |   823 |    39 ||  1064
       Executioner's axe |       |       |       |       |    40 |   528 ||   568
 Fire: Arbalest          |       |       |       |       |       |     3 ||     3
Invok: Berserk           |     1 |     2 |     3 |     6 |     8 |     7 ||    27
       Brothers in Arms  |       |       |     1 |     2 |     2 |     1 ||     6
       Trog's Hand       |       |       |       |       |       |     2 ||     2
  Use: Scroll            |       |       |     6 |    18 |    16 |     9 ||    49
       Potion            |       |       |       |     4 |     5 |     6 ||    15
 Stab: Petrified         |       |       |       |       |     2 |       ||     2
Armor: Animal skin       |    17 |    34 |    65 |     1 |       |       ||   117
       Skin              |       |       |    13 |       |       |       ||    13
       Plate armour      |       |       |       |   260 |       |       ||   260
       Chain mail        |       |       |       |    40 |   432 |   349 ||   821
Dodge: Dodged            |    45 |    62 |   198 |   219 |   490 |   461 ||  1475
